 Dungeon Crawl Stone Soup version 0.23.0-3-gf3c87f2 (webtiles) character file.

Game seed: 17484738723412110758

193 Monsterracer the Poker (level 5, 0/54 HPs)
             Began as an Ogre Abyssal Knight on Feb 24, 2019.
             Was a Believer of Lugonu.
             Slain by an orc priest
             ... wielding a +0 falchion
              (6 damage)
             ... on level 3 of the Dungeon.
             The game lasted 00:01:53 (3166 turns).

Monsterracer the Poker (Ogre Abyssal Knight)        Turns: 3166, Time: 00:01:53

Health: 0/54       AC:  3    Str: 17    XL:     5   Next: 72%
Magic:  6/6        EV: 10    Int: 13    God:    Lugonu [**....]
Gold:   68         SH:  0    Dex:  8    Spells: 4/4 levels left

rFire    . . .     SeeInvis .   a - +1 spear
rCold    . . .     Gourm    .   (no shield)
rNeg     . . .     Faith    .   b - +0 robe
rPois    .         Spirit   .   (helmet restricted)
rElec    .         Reflect  .   (no cloak)
rCorr    .         Harm     .   (gloves unavailable)
MR       .....                  (boots unavailable)
Stlth    +.........             (no amulet)
HPRegen  0.18/turn              (no ring)
MPRegen  0.10/turn              (no ring)

@: no status effects
A: large, unfitting armour, tough skin 1
a: Depart the Abyss, Bend Space, Renounce Religion


You were on level 3 of the Dungeon.
You worshipped Lugonu.
Lugonu was pleased with you.
You were not hungry.

You visited 1 branch of the dungeon, and saw 3 of its levels.
You visited the Abyss 1 time.

You collected 68 gold pieces.


Innate Abilities, Weirdness & Mutations

You are too large for most types of armour.
You have tough skin. (AC +1)


   Skills:
 - Level 4.0 Fighting
 + Level 5.8 Polearms
 - Level 2.1 Dodging
 - Level 2.0 Invocations


You had 4 spell levels left.
You didn't know any spells.
Your spell library was empty.

Inventory:

Hand Weapons
 a - a +1 spear (weapon)
Armour
 b - a +0 robe (worn)
Scrolls
 e - a scroll of teleportation {unknown}
 i - a scroll of remove curse {unknown}
 j - a scroll of identify {unknown}
Potions
 d - a potion of cancellation {unknown}
 f - a potion of invisibility {unknown}
 g - a potion of haste {unknown}
 h - 2 potions of magic {unknown}
 k - a potion of heal wounds {unknown}
Comestibles
 c - 7 rations

Dungeon Overview and Level Annotations

Branches:
Dungeon (3/15)

Altars:
Fedhas

########...
.###########..@oogog#
.......<.....######...
##############


You could see an orc priest, 2 orcs and 2 hobgoblins.


Message History

You see here a +0 dagger.
Done exploring.
Health restored: 54 No target in view!
Done exploring.
No target in view!
No target in view!
Done exploring.
Done exploring.
No target in view!
Done exploring.
No target in view!
You see here a short sword.
There is a stone staircase leading down here.
You climb downwards.
There is a stone staircase leading up here.
No target in view!
An orc priest comes into view. It is wielding a +0 falchion.
A hobgoblin and an orc come into view.
The hobgoblin shouts!
The orc shouts!
There are monsters nearby!
An orc comes into view.
The orc shouts!
You hear a shout!
An orc comes into view.
There are monsters nearby!
Attack whom?
Press: ? - help, Dir - move target cursor, f - orc priest
Aim: an orc priest, wielding a +0 falchion and wearing a +0 scale mail You reach to attack!
You closely miss the orc priest.
An orc comes into view. It is wielding a +0 club.
Attack whom?
Press: ? - help, Dir - move target cursor, f/p - orc priest
Aim: an orc priest, wielding a +0 falchion and wearing a +0 scale mail You reach to attack!
You closely miss the orc priest. You barely miss the orc priest.
The orc priest closely misses you.
You hit the orc priest but do no damage.
You barely miss the orc.
A hobgoblin comes into view. It is wielding a +0 club.
The hobgoblin shouts!
You hit the orc.
The orc is heavily wounded.
The orc hits you with a +0 hand axe.
You take 5 damage, and have 49/54 hp.
You hit the orc.
You kill the orc!
Lugonu accepts your kill.
You hit the orc priest.
The orc priest is lightly wounded.
The orc priest hits you with a +0 falchion.
You take 4 damage, and have 45/54 hp.
You hit the orc priest but do no damage.
The orc priest is lightly wounded.
The orc priest hits you with a +0 falchion.
You take 3 damage, and have 42/54 hp.
You hit the orc priest but do no damage.
The orc priest is lightly wounded.
You hit the orc priest but do no damage.
The orc priest is lightly wounded.
The orc priest hits you with a +0 falchion.
You take 5 damage, and have 37/54 hp.
You are too injured to fight recklessly!
You hit the orc priest.
The orc priest is heavily wounded.
The orc priest hits you with a +0 falchion.
You take 5 damage, and have 32/54 hp.
You hit the orc priest but do no damage.
The orc priest is heavily wounded.
The orc priest invokes the aid of Beogh against you.
Beogh smites you!
* * * LOW HITPOINT WARNING * * *
You closely miss the orc priest.
The orc priest is heavily wounded.
You take 9 damage, and have 23/54 hp.
Unknown command.
You hit the orc priest but do no damage.
The orc priest is heavily wounded.
The orc priest barely misses you.
You hit the orc priest but do no damage.
The orc priest is heavily wounded.
The orc priest hits you but does no damage.
You hit the orc priest.
The orc priest is severely wounded.
The orc priest barely misses you.
You hit the orc priest.
The orc priest is almost dead.
You hit the orc priest but do no damage.
The orc priest is almost dead.
The orc priest hits you with a +0 falchion.
* * * LOW HITPOINT WARNING * * *
You take 6 damage, and have 18/54 hp.
You hit the orc priest but do no damage.
The orc priest is almost dead.
The orc priest invokes the aid of Beogh against you.
Beogh smites you!
* * * LOW HITPOINT WARNING * * *
You take 12 damage, and have 6/54 hp.
MASSIVE DAMAGE!!
You hit the orc priest but do no damage.
The orc priest is almost dead.
The orc priest hits you with a +0 falchion.
You die...

Skill      XL: |  1  2  3  4 |
---------------+-------------+-----
Polearms       | 3 4 5 |  5.8
Fighting       | |  4.0
Dodging        | |  2.1
Invocations    | |  2.0

Action                   |  1- 3 |  4- 6 || total
-------------------------+-------+-------++-------
Melee: Spear             |   109 |   114 ||   223
 Stab: Sleeping          |     3 |       ||     3
  Eat: Chunk             |     2 |     5 ||     7
Armor: Robe              |    21 |    17 ||    38
Dodge: Dodged            |    37 |    40 ||    77

Levels and vault maps discovered:
D:1:      kb_arrival_jail, layout_loops_corners
D:2:      layout_loops_ring, fedhas_altar_3, first_ration, uniq_natasha,
          uniq_jessica
D:3:      layout_loops_ring, xom_butterflies, gammafunk_ghost_cemetery,
          uniq_crazy_yiuf_cottage
Abyss:1

Notes
Turn   | Place    | Note
-------+----------+-------------------------------------------
     0 | Abyss:1  | Monsterracer the Ogre Abyssal Knight began the quest for
                  | the Orb.
     0 | Abyss:1  | Reached XP level 1. HP: 24/24 MP: 2/2
    23 | D:1      | Escaped the Abyss
    26 | D:1      | Noticed a formicid
    26 | D:1      | Noticed an octopode
    28 | D:1      | Noticed a merfolk
    30 | D:1      | Noticed an elf
    32 | D:1      | Noticed a spriggan
    32 | D:1      | Noticed a centaur
    34 | D:1      | Noticed a halfling
    34 | D:1      | Noticed a ghoul
    36 | D:1      | Noticed a demonspawn
    36 | D:1      | Noticed a dwarf
    38 | D:1      | Noticed a tengu
    38 | D:1      | Noticed a troll
    40 | D:1      | Noticed a demigod
    40 | D:1      | Noticed a draconian
    42 | D:1      | Noticed a vampire
    44 | D:1      | Noticed a naga
    44 | D:1      | Noticed a vine stalker
    46 | D:1      | Noticed a minotaur
    46 | D:1      | Noticed a human
    48 | D:1      | Noticed an ogre
    50 | D:1      | Noticed a felid
    50 | D:1      | Noticed a gargoyle
   215 | D:1      | HP: 10/24 [hobgoblin/+0 club (6)]
   467 | D:1      | Reached XP level 2. HP: 28/32 MP: 3/3
   649 | D:1      | Reached skill level 3 in Polearms
   911 | D:1      | Reached XP level 3. HP: 39/39 MP: 4/4
  1392 | D:2      | Reached ** piety under Lugonu
  1435 | D:2      | Found a blossoming altar of Fedhas.
  1482 | D:2      | HP: 19/39 [poisoned by an adder]
  1483 | D:2      | Reached skill level 4 in Polearms
  1487 | D:2      | HP: 14/39 [poisoned by an adder]
  1493 | D:2      | HP: 11/39 [poisoned by an adder]
  1498 | D:2      | HP: 8/39 [poisoned by an adder]
  1504 | D:2      | HP: 7/39 [poisoned by an adder]
  1512 | D:2      | HP: 6/39 [poisoned by an adder]
  1877 | D:2      | Reached XP level 4. HP: 48/48 MP: 5/5
  2240 | D:2      | Noticed Natasha
  2252 | D:2      | HP: 23/48 [Natasha (7)]
  2259 | D:2      | HP: 14/48 [crimson imp[Natasha] (1)]
  2262 | D:2      | HP: 4/48 [Natasha (10)]
  2263 | D:2      | Killed Natasha
  2583 | D:2      | Reached skill level 5 in Polearms
  2707 | D:2      | Noticed Jessica
  2714 | D:2      | Killed Jessica
  2714 | D:2      | Reached XP level 5. HP: 54/54 MP: 6/6
  2792 | D:2      | Noticed Natasha
  2804 | D:2      | Killed Natasha
  3020 | D:2      | Noticed Natasha
  3031 | D:2      | Killed Natasha
  3158 | D:3      | HP: 23/54 [orc priest/divine providence (9)]
  3164 | D:3      | HP: 18/54 [orc priest/+0 falchion (6)]
  3165 | D:3      | HP: 6/54 [orc priest/divine providence (12)]
  3166 | D:3      | Slain by an orc priest

Vanquished Creatures
  Jessica (D:2)
  Natasha (thrice) (D:2)
  4 adders (D:2)
  An ooze (D:1)
  A worm (D:2)
  A dart slug (D:2)
  An orc (D:3)
  6 giant cockroaches (D:1 D:2)
  4 goblins (D:1)
  6 hobgoblins (D:1 D:2)
  5 kobolds (D:1 D:2)
  7 bats (D:1 D:2)
  3 frilled lizards (D:1 D:2)
  A jackal skeleton (D:2)
  5 rats (D:1 D:2)
49 creatures vanquished.

Table legend:
 A = Turns spent in this place as a percentage of turns spent in the entire game.
 B = Non-inter-level travel turns spent in this place as a percentage of non-inter-level travel turns spent in the entire game.
 C = Inter-level travel turns spent in this place as a percentage of turns spent in this place.
 D = Turns resting spent in this place as a percentage of non-inter-level travel turns spent in this place.
 E = Turns spent auto-exploring this place as a percentage of non-inter-level travel turns spent in this place.
 F = Non-inter-level travel turns spent in this place divided by the number of levels of this place that you've seen.
                   A       B       C       D       E      F
               +-------+-------+-------+-------+-------+----------------------
         Total | 100.0 | 100.0 |   1.3 |  12.3 |  74.4 | 781.0
       Dungeon |  99.3 |  99.3 |   1.3 |  12.4 |  74.5 | 1033.7
         Abyss |   0.7 |   0.7 |   0.0 |   0.0 |  65.2 |  23.0
               +-------+-------+-------+-------+-------+----------------------

Table legend:
 A = Non-vault XP
 B = Vault XP
 C = Vault XP percentage of total XP
 D = Non-vault monster count
 E = Vault monster count
 F = Vault count percentage of total count
                 A         B        C        D         E       F
            +---------+---------+-------+---------+---------+-------
      Total |     205 |      72 |  26.0 |      47 |       2 |   4.1
            +---------+---------+-------+---------+---------+-------
        D:1 |      41 |       0 |   0.0 |      21 |       0 |   0.0
        D:2 |     161 |      72 |  30.9 |      25 |       2 |   7.4
        D:3 |       3 |       0 |   0.0 |       1 |       0 |   0.0
            +---------+---------+-------+---------+---------+-------
